 Dungeon Crawl Stone Soup version 0.29.1-15-g9cfb28693d (webtiles) character file.

Game seed: 545079113451238774

8 vishdafish the Conjurer (level 2, 19/19 HPs)
             Began as a Demonspawn Conjurer on Mar 29, 2023.
             Quit the game on level 1 of the Dungeon.
             The game lasted 00:00:20 (224 turns).

vishdafish the Conjurer (Demonspawn Conjurer)        Turns: 224, Time: 00:00:20

Health: 19/19      AC:  2    Str:  7    XL:     2   Next: 0%
Magic:  3/5        EV: 12    Int: 19    God:
Gold:   11         SH:  0    Dex: 11    Spells: 4/5 levels left

rFire   . . .      SeeInvis .   (no weapon)
rCold   . . .      Faith    .   (no shield)
rNeg    . . .      Spirit   .   a - +0 robe
rPois   .          Reflect  .   (no helmet)
rElec   .          Harm     .   (no cloak)
rCorr   .          Rampage  .   (no gloves)
Will    .....                   (no boots)
Stlth   ++........              (no amulet)
HPRegen 0.06/turn               (no ring)
MPRegen 0.09/turn               (no ring)

@: no status effects
A: claws 1
a: no special abilities


You were on level 1 of the Dungeon.
You visited 1 branch of the dungeon, and saw 1 of its levels.

You collected 11 gold pieces.

Inventory:

Armour
 a - a +0 robe (worn)
Scrolls
 c - a scroll of identify {unknown}
 d - a scroll of vulnerability {unknown}
Potions
 b - a potion of magic
 e - a potion of curing {unknown}


   Skills:
 - Level 1.8 Dodging
 - Level 1.8 Stealth
 + Level 2.2 Spellcasting
 + Level 4.2 Conjurations


You had 4 spell levels left.
You knew the following spells:

 Your Spells              Type           Power      Damage    Failure   Level
a - Magic Dart            Conj           72%        1d6       3%          1

Your spell library contained the following spells:

 Spells                   Type           Power      Damage    Failure   Level
 Searing Ray              Conj           36%        2d5       4%          2
 Dazzling Flash           Conj/Hex       20%        N/A       21%         3
 Fulminant Prism          Conj/Hex       5%         3d7       56%         4
 Iskenderun's Mystic Bla  Conj/Tloc      10%        2d4       56%         4


Dungeon Overview and Level Annotations

Branches:
Dungeon (1/15)

Altars:


Innate Abilities, Weirdness & Mutations

You have sharp fingernails.


Message History

There are monsters nearby!
There are monsters nearby!
The magic dart hits the rat but does no damage.
The magic dart hits the rat.
You kill the rat!
The magic dart hits the ball python.
You kill the ball python!
You are out of magic!
You are out of magic!
e - a smoky green potion
Found a faded altar of an unknown god.
There is a faded altar of an unknown god here.
A frilled lizard comes into view.
A frilled lizard is nearby!
A frilled lizard is nearby!
A frilled lizard is nearby!
The magic dart hits the frilled lizard.
You kill the frilled lizard!
You can't see any susceptible monsters within range! (Use Z to cast anyway.)
You can't see any susceptible monsters within range! (Use Z to cast anyway.)
A rat comes into view.
A rat is nearby!
A rat is nearby!
The magic dart hits the rat.
You kill the rat!
You can't see any susceptible monsters within range! (Use Z to cast anyway.)
You can't see any susceptible monsters within range! (Use Z to cast anyway.)
You can't see any susceptible monsters within range! (Use Z to cast anyway.)
You now have 11 gold pieces (gained 2).
A goblin comes into view. It is wielding a +0 dagger.
A goblin is nearby!
A goblin is nearby!
A goblin is nearby!
The magic dart hits the goblin.
You kill the goblin!
You have reached level 2!
You feel monstrous as your demonic heritage exerts itself.
Your demonic ancestry asserts itself...
Your fingernails lengthen.
Are you sure you want to abandon this character and quit the game? (Confirm with "yes".)

........ .#
#.......#..
.......#. .......
...#†##
#.....#)..
###.........
#...@# #.#
####..# ..#
#.....##.#
#.####..#.....#
#.##..P.#.#####
## #.#.P♣♣P..# ..
#..P♣PP...#
###.###..P._P♣.##
..†........♣...#


There were no monsters in sight!

Vanquished Creatures
  An endoplasm (D:1)
  A hobgoblin (D:1)
  A ball python (D:1)
  A frilled lizard (D:1)
  2 goblins (D:1)
  A kobold (D:1)
  3 rats (D:1)
10 creatures vanquished.

Notes
Turn   | Place    | Note
-------+----------+-------------------------------------------
     0 | D:1      | vishdafish the Demonspawn Conjurer began the quest for the
                  | Orb.
     0 | D:1      | Reached XP level 1. HP: 13/13 MP: 3/3
   178 | D:1      | Found a faded altar of an unknown god.
   224 | D:1      | Discovered your monstrous ancestry.
   224 | D:1      | Gained mutation: You have sharp fingernails. [demonic
                  | ancestry]
   224 | D:1      | Reached XP level 2. HP: 19/19 MP: 3/5
   224 | D:1      | Quit the game

Illustrated notes

Levels and vault maps discovered:
D:1:      elethiomel_arrival_shortcut, layout_basic,
          ebering_ecumenical_altar_petrified, minmay_bisected

Action                   || total
-------------------------++-------
 Cast: Magic Dart        ||    13
